 Dungeon Crawl Stone Soup version 0.31-a0-1620-gcbf77bbcfc (webtiles) character file.

Game seed: 16560760125523312595

62316 avis the Spry (level 14, -8/80 HPs)
             Began as a Felid Shapeshifter on Jan 10, 2024.
             Was an Initiate of Gozag.
             Mangled by a hell beast (15 damage)
             ... on level 5 of the Lair of Beasts on Jan 12, 2024.
             The game lasted 02:34:07 (26201 turns).

avis the Spry (Felid Shapeshifter)                 Turns: 26201, Time: 02:34:07

Health: -8/80      AC:  7    Str: 16    XL:     14   Next: 63%
Magic:  18/18      EV: 29    Int: 19    God:    Gozag
Gold:   2078       SH:  0    Dex: 16    Spells: 9/17 levels left
                                        Lives:  0   Deaths: 5

rFire   . .          .
                       - Unarmed
rCold   + . .        (shield unavailable)
rNeg    . . .        (body armour unavailable)
rPois   .            (helmet unavailable)
rElec   .            (cloak unavailable)
rCorr   .            (gloves unavailable)
SInv    +            (boots unavailable)
Will    ++...        x - amulet of the acrobat
Stlth   +            d - +6 ring of strength
HPRegen 0.33/turn    D - +4 ring of protection
MPRegen 0.16/turn

%: acrobat
@: blade hands, studying Evocations
A: very small, (claws 1), fangs 3, see invisible, shaggy fur 3, (stealthy paws),
no weapons or thrown items, no armour, multi-lived
a: Begin Untransformation, Renounce Religion, Potion Petition, Call Merchant,
Bribe Branch


You were on level 5 of the Lair of Beasts.
You worshipped Gozag.
Gozag was most pleased with you.
You had blades for front paws.
You visited 3 branches of the dungeon, and saw 18 of its levels.
You also visited: Sewer.

You collected 4588 gold pieces.
You spent 1188 gold pieces at shops.
You paid 1322 gold pieces to Gozag.

Inventory:

Jewellery
 b - a ring of fire
 d - a +6 ring of strength (left blade hand)
 x - an amulet of the acrobat (around neck)
 y - a ring of protection from fire
 D - a +4 ring of protection (right blade hand)
Talismans
 l - a blade talisman (active)
 s - a serpent talisman
Wands
 z - a wand of roots (8)
 F - a wand of flame (27)
 I - a wand of digging (5)
Scrolls
 a - a scroll of immolation
 c - a scroll of enchant weapon {unknown}
 g - 4 scrolls of blinking
 i - 2 scrolls of fear
 n - 5 scrolls of teleportation
 q - a scroll of fog
 r - 2 scrolls of poison
 A - 3 scrolls of amnesia
 H - a scroll of revelation {unknown}
Potions
 h - 2 potions of magic
 k - 4 potions of resistance
 o - 6 potions of brilliance
 v - 2 potions of enlightenment
 w - a potion of ambrosia
 B - a potion of cancellation
Miscellaneous
 C - a lightning rod (inert)


   Skills:
 - Level 12.0 Fighting
 - Level 18.0 Dodging
 - Level 12.0 Unarmed Combat
 - Level 2.0 Spellcasting
 + Level 2.3 Summonings
 - Level 2.0 Necromancy
 - Level 2.0 Air Magic
 - Level 7.0 Evocations
 - Level 12.0 Shapeshifting


You had 9 spell levels left.
You knew the following spells:

 Your Spells              Type           Power      Damage    Failure   Level
a - Summon Lightning Spi  Summ/Air       10%        N/A       56%         4
b - Martyr's Knell        Necr/Summ      10%        N/A       56%         4

Your spell library contained the following spells:

 Spells                   Type           Power      Damage    Failure   Level
 Kiss of Death            Conj/Necr      20%        2d7       11%         1
 Shock                    Conj/Air       20%        1d4       11%         1
 Sublimation of Blood     Necr           9%         N/A       11%         2
 Cigotuvi's Dreadful Rot  Necr/Alch/Air  12%        N/A       16%         2
 Magic Dart               Conj           4%         1d3       17%         1
 Static Discharge         Conj/Air       10%        3-4/arc   17%         2
 Swiftness                Air            9%         N/A       22%         3
 Jinxbite                 Hex            2%         N/A       26%         2
 Searing Ray              Conj           2%         2d4       26%         2
 Stone Arrow              Conj/Erth      2%         3d7       45%         3
 Airstrike                Air            4%         2d(1-17)  58%         4
 Fulminant Prism          Conj/Alch      0%         3d5       86%         4
 Leda's Liquefaction      Alch/Erth      0%         N/A       86%         4
 Petrify                  Alch/Erth      1%         N/A       86%         4
 Summon Mana Viper        Hex/Summ       6%         N/A       96%         5
 Borgnjor's Vile Clutch   Necr/Erth      2%         N/A       97%         5
 Irradiate                Conj/Alch      0%         3d11      99%         5
 Lee's Rapid Deconstruct  Erth           0%         3d4*      99%         5
 Bombard                  Conj/Erth      0%         9d1       100%        6
 Haunt                    Necr/Summ      5%         N/A       100%        7
 Lehudib's Crystal Spear  Conj/Erth      0%         10d2      100%        8
 Animate Armour           Summ/Erth      Unusable   N/A       N/A         4

Dungeon Overview and Level Annotations

Branches:
Dungeon (12/15)            Temple (1/1) D:7            Lair (5/5) D:9
  Swamp (0/4) Lair:2       Spider (0/4) Lair:3        Slime (0/5) Lair:4
    Orc (0/2) D:12          Sewer (visited)

Altars:
Ashenzari
Cheibriados
Dithmenos
Elyvilon
Fedhas
Gozag
Hepliaklqana
Kikubaaqudgha
Makhleb
Nemelex Xobeh
Okawaru
Qazlal
Ru
Sif Muna
Trog
Uskayaw
Vehumet
Wu Jian
Xom
Yredelemnul
Zin
The Shining One
Jiyva

Shops:
D:6 :   D:11 ?

Portals:
Trove: D:12 (give 5 potions of resistance)

Annotations:
Lair:5 3 runed translucent doors, zenocrate's ghost, journeyman VSEn


Innate Abilities, Weirdness & Mutations

You have blades for front paws.
((You have sharp claws.))
You have razor-sharp teeth.
You have supernaturally acute eyesight. (SInv)
Your thick and shaggy fur keeps you warm. (AC +3, rC+)
((Your paws help you pounce on unaware monsters.))
You are incapable of wielding weapons or throwing items.
You cannot wear armour.
You gain extra lives every three experience levels.


Message History

You'll get an extra life in 1.37 levels' worth of XP.
Play time: 02:33:42 (26195 turns).
Zot will find you in 26760 turns if you stay in this branch and explore no new floors.
Unknown command.
Aiming: Fastroot
Press: ? - help, Shift-Dir - straight line, f - hell beast
Aim: a hell beast The roots erupt in riotous growth!
Roots grab the hell beast.
The grasping roots constrict the hell beast!
The hell beast struggles to escape constriction.
Okay, then.
The grasping roots constrict the hell beast.
The hell beast escapes!
The hell beast completely misses you. The hell beast tramples you!
You stumble backwards!
You slice the hell beast!! You bite the hell beast.
The hell beast is heavily wounded.
The hell beast barely misses you. The hell beast tramples you.
You hold your ground!
You miss the hell beast.
The hell beast is heavily wounded.
The hell beast misses you. The hell beast completely misses you.
You slice the hell beast!!
The hell beast is severely wounded.
The hell beast completely misses you. The hell beast misses you.
You miss the hell beast. Your slash misses the hell beast.
The hell beast is severely wounded.
The hell beast bites you!!
* * * LOW HITPOINT WARNING * * *
The hell beast tramples you.
* * * LOW HITPOINT WARNING * * *
You hold your ground!
The hell beast completely misses you. The hell beast tramples you.
* * * LOW HITPOINT WARNING * * *
You hold your ground!
You completely miss the hell beast. Your bite misses the hell beast.
The hell beast is severely wounded.
The hell beast bites you!
You die...
Your body crumbles into a pile of gold.

♣♣.♣♣♣ ♣♣♣♣♣ ♣♣♣♣♣♣♣♣
♣♣.♣ ♣...♣ ♣♣.♣ ♣...♣♣
♣♣..♣♣ ♣....♣♣♣
♣♣♣♣♣....♣♣ ♣♣♣...♣..♣♣♣
......♣...♣♣♣
♣♣...♣♣♣♣♣..♣
♣...♣♣♣♣.♣..♣♣♣♣
♣♣♣♣...♣♣ ♣♣♣.
♣♣♣♣♣♣♣..♣♣♣...♣♣♣....♣♣♣
♣♣ ♣♣..♣♣ ♣♣...@...♣♣♣ ♣.
♣♣..♣♣ ♣♣.♣♣2♣♣♣ ######
♣♣..♣♣♣
♣♣♣♣♣$#########.).2$
♣..♣..♣♣ #........#...8.
♣♣..♣♣..♣ #..8.8...'.....
♣♣..♣♣♣♣.♣♣
#...#.8.)###### ♣..♣♣
♣..♣♣ #..#.8...# ....
.♣♣♣ ♣♣...♣
#...8.#..#..... ♣♣ ♣....♣
#..8.#...'....4


You could see a hell beast.

Vanquished Creatures
  A dire elephant (Lair:5)
  The ghost of Heal the Slicer, a journeyman KoBr of Okawaru (Lair:3)
  Erolcha (D:9)
  Harold (D:10)
  11 hydras
  A two-headed ogre (D:11)
  6 boulder beetles
  2 death yaks (Lair:2)
  Urug (Lair:1)
  2 skysharks
  An arcanist (Lair:5)
  A swamp dragon (Lair:2)
  A deep elf pyromancer (D:12)
  2 manticores
  An ugly thing (D:12)
  14 elephants
  4 black mambas (Lair:4)
  2 torpor snails
  A smoke demon (D:12)
  2 gargoyles (D:11)
  2 orange demons (Lair:5)
  20 cane toads
  9 komodo dragons
  A yaktaur (D:11)
  4 ice devils
  6 rime drakes
  A red devil (Lair:5)
  4 polar bears
  2 trolls
  3 hornets
  15 blink frogs
  4 dream sheep (D:9)
  2 slime creatures (D:12)
  Sigmund (D:3)
  3 shadows
  6 wyverns
  36 yaks
  4 basilisks
  2 steam dragons
  3 redbacks (Lair:3)
  6 vampire mosquitoes (D:10)
  4 hell hounds (Lair:5)
  17 water moccasins
  13 orc warriors
  A sky beast (D:8)
  2 ice beasts (D:5)
  Pargi (Sewer)
  5 ogres
  6 centaurs
  17 wolves
  2 phantoms (D:4)
  A kobold brigand (D:11)
  2 brain worms (Sewer)
  14 bullfrogs
  2 scorpions (D:4)
  A gnoll sergeant (D:10)
  4 wights (D:8)
  8 howler monkeys
  3 electric eels
  3 bombardier beetles
  4 crimson imps (D:12)
  Crazy Yiuf (D:4)
  3 hounds
  15 orc priests
  5 jellies
  A sleepcap (D:7)
  4 gnoll boudas (D:12)
  4 iguanas
  10 orc wizards
  12 gnolls
  6 adders
  A river rat (D:4)
  5 white imps
  2 dart slugs (D:4)
  46 orcs
  13 ball pythons
  3 bats
  4 endoplasms
  3 giant cockroaches (D:1)
  7 goblins
  2 hobgoblins (D:3)
  4 jackals (D:3)
  7 kobolds
  2 quokkas
  4 frilled lizards
  10 rats
  2 butterflies (Lair:2)
476 creatures vanquished.

Notes
Turn   | Place    | Note
-------+----------+-------------------------------------------
     0 | D:1      | avis the Felid Shapeshifter began the quest for the Orb.
     0 | D:1      | Reached XP level 1. HP: 10/10 MP: 2/2
   267 | D:1      | Reached XP level 2. HP: 12/14 MP: 3/3
   422 | D:1      | Found a faded altar of an unknown god.
   961 | D:2      | Reached XP level 3. HP: 16/18 MP: 4/4
  1393 | D:3      | Noticed Sigmund
  1406 | D:3      | Killed Sigmund
  1407 | D:3      | Reached skill level 5 in Shapeshifting
  1407 | D:3      | Reached XP level 4. HP: 22/22 MP: 5/5
  1407 | D:3      | Gained a life (2 lives remaining)
  1407 | D:3      | Reached XP level 5. HP: 25/25 MP: 6/6
  1985 | D:3      | Reached skill level 3 in Dodging
  2269 | D:3      | Gained mutation: You are covered in thick fur. (AC +2)
                  | [Felid growth]
  2269 | D:3      | Reached XP level 6. HP: 30/30 MP: 7/7
  2724 | D:4      | Found a glowing drain.
  2733 | Sewer    | Entered a sewer
  2767 | Sewer    | Reached skill level 4 in Dodging
  2825 | Sewer    | Reached skill level 5 in Dodging
  2964 | Sewer    | Noticed Pargi
  2971 | Sewer    | Killed Pargi
  2972 | Sewer    | Reached skill level 6 in Dodging
  2972 | Sewer    | Reached XP level 7. HP: 35/35 MP: 8/8
  3771 | D:4      | Found a runed translucent door.
  3772 | D:4      | Noticed Crazy Yiuf
  3779 | D:4      | Killed Crazy Yiuf
  3919 | D:5      | Entered Level 5 of the Dungeon
  4307 | D:5      | Reached XP level 8. HP: 40/40 MP: 9/9
  4640 | D:5      | Reached skill level 7 in Dodging
  4662 | D:5      | Found a shimmering blue altar of Sif Muna.
  4752 | D:5      | HP: 2/42 [orc warrior/+0 glaive (14)]
  4753 | D:5      | Killed from afar by an orc priest
  4753 | D:5      | Lost a life (1 life remaining)
  4772 | D:5      | Reached skill level 8 in Dodging
  5110 | D:5      | Reached skill level 9 in Dodging
  5614 | D:6      | Found a sparkling altar of Nemelex Xobeh.
  5620 | D:6      | Reached XP level 9. HP: 37/46 MP: 10/10
  5620 | D:6      | Gained a life (2 lives remaining)
  5790 | D:6      | Found an ornate altar of the Wu Jian Council.
  5861 | D:6      | Found a snail-covered altar of Cheibriados.
  5879 | D:6      | Found an iron altar of Okawaru.
  5967 | D:6      | Found Ciotun's Tremendous Tomes.
  6588 | D:7      | Reached skill level 5 in Fighting
  6698 | D:7      | Found a staircase to the Ecumenical Temple.
  6705 | Temple   | Entered the Ecumenical Temple
  6753 | Temple   | Became a worshipper of Gozag Ym Sagoz the Greedy
  7379 | D:8      | Reached skill level 5 in Unarmed Combat
  7886 | D:8      | Paralysed by a hornet for 3 turns
  8555 | D:9      | Paralysed by a hornet for 2 turns
  8562 | D:9      | Reached skill level 10 in Dodging
  8610 | D:9      | Noticed a manticore
  8628 | D:9      | Killed a manticore
  8628 | D:9      | Noticed Erolcha
  8629 | D:9      | Reached skill level 11 in Dodging
  8629 | D:9      | Reached XP level 10. HP: 18/55 MP: 11/11
  8637 | D:8      | HP: 1/55 [orc warrior/+3 battleaxe (14)]
  8817 | D:9      | Killed Erolcha
  8818 | D:9      | Reached skill level 12 in Dodging
  9118 | D:9      | Found a staircase to the Lair.
  9961 | Lair:1   | Entered Level 1 of the Lair of Beasts
 10189 | Lair:1   | Noticed a torpor snail
 10220 | Lair:1   | Noticed a cane toad
 10337 | D:9      | Killed a cane toad
 10434 | D:9      | Killed a torpor snail
 10578 | Lair:1   | Noticed Urug
 10604 | Lair:1   | Killed Urug
 10605 | Lair:1   | Reached XP level 11. HP: 60/60 MP: 12/12
 11295 | D:10     | Entered Level 10 of the Dungeon
 11406 | D:10     | Identified the +0 kite shield of the Devil's Team {Harm
                  | rPois Str+6 Slay-3}
 11695 | D:10     | Noticed Harold
 11714 | D:10     | Killed Harold
 12370 | D:10     | Reached skill level 13 in Dodging
 12385 | D:11     | Noticed a boulder beetle
 12484 | D:10     | Killed a boulder beetle
 12579 | D:11     | Noticed a boulder beetle
 12617 | D:10     | Killed a boulder beetle
 12747 | D:11     | Reached skill level 10 in Fighting
 13236 | D:10     | Reached skill level 14 in Dodging
 13490 | D:11     | Found Booq's Magic Scroll Boutique.
 13528 | D:11     | Noticed a two-headed ogre
 13548 | D:11     | Killed a two-headed ogre
 14241 | D:11     | Bought a scroll of vulnerability for 60 gold pieces
 14241 | D:11     | Bought a scroll of identify for 30 gold pieces
 14241 | D:11     | Bought a scroll of identify for 30 gold pieces
 14241 | D:11     | Bought a scroll of identify for 30 gold pieces
 14241 | D:11     | Bought a scroll of identify for 30 gold pieces
 14247 | D:11     | Identified a scroll of acquirement
 14249 | D:11     | Acquired a manual of Evocations
 14405 | D:6      | Bought the Octavo of the Maleficium and Black Rituals for
                  | 1008 gold pieces
 14582 | Lair:1   | Reached skill level 15 in Dodging
 14622 | Lair:2   | Noticed a six-headed hydra
 14632 | Lair:1   | HP: 2/63 [six-headed hydra (9)]
 14633 | Lair:1   | Slain by a six-headed hydra
 14633 | Lair:1   | Lost a life (1 life remaining)
 14652 | Lair:1   | Killed a six-headed hydra
 15060 | Lair:1   | Gained mutation: Your thick and shaggy fur keeps you warm.
                  | (AC +3, rC+) [Felid growth]
 15060 | Lair:1   | Reached XP level 12. HP: 59/67 MP: 13/13
 15060 | Lair:1   | Gained a life (2 lives remaining)
 15841 | Lair:2   | Reached skill level 10 in Shapeshifting
 15886 | Lair:2   | Paralysed by a hornet for 1 turns
 16902 | Lair:2   | Slain by a swamp dragon
 16902 | Lair:2   | Lost a life (1 life remaining)
 17117 | Lair:2   | Found a staircase to the Swamp.
 17347 | Lair:2   | Reached skill level 10 in Unarmed Combat
 17551 | Lair:2   | Reached skill level 1 in Evocations
 18091 | Lair:3   | Noticed a death yak
 18110 | Lair:3   | Noticed a death yak
 18114 | Lair:2   | Killed a death yak
 18223 | Lair:2   | HP: 1/67 [death yak[a torpor snail] (26)]
 18226 | Lair:2   | Killed a death yak
 18227 | Lair:2   | Reached skill level 16 in Dodging
 18528 | Lair:3   | Reached skill level 5 in Evocations
 18681 | Lair:3   | Found a large runed translucent door.
 18682 | Lair:3   | Found a large runed translucent door.
 18731 | Lair:3   | Noticed Heal's ghost (journeyman KoBr)
 18798 | Lair:3   | Killed Heal's ghost
 19172 | Lair:3   | Found a hole to the Spider Nest.
 19385 | Lair:3   | Reached skill level 17 in Dodging
 19385 | Lair:3   | Reached XP level 13. HP: 56/72 MP: 14/14
 19385 | Lair:3   | Gained a life (2 lives remaining)
 19826 | D:12     | Found a staircase to the Orcish Mines.
 20065 | D:12     | Found a portal to a secret trove of treasure.
 20426 | D:12     | Annihilated by an enormous slime creature
 20426 | D:12     | Lost a life (1 life remaining)
 20575 | D:12     | Reached skill level 18 in Dodging
 21715 | Lair:1   | Upgraded the game from 0.31-a0-1616-gbeaec30b81 to
                  | 0.31-a0-1620-gcbf77bbcfc
 22570 | Lair:4   | Found a staircase to the Slime Pits.
 22578 | Lair:4   | Found a viscous altar of Jiyva.
 24053 | Lair:4   | Reached XP level 14. HP: 59/79 MP: 15/15
 24137 | Lair:5   | Entered Level 5 of the Lair of Beasts
 25144 | Lair:5   | Found a runed translucent gate.
 25145 | Lair:5   | Found a runed translucent gate.
 25146 | Lair:5   | Found a runed translucent gate.
 25147 | Lair:5   | Noticed zenocrate's ghost (journeyman VSEn)
 25479 | Lair:5   | Learned a level 4 spell: Summon Lightning Spire
 25484 | Lair:5   | Learned a level 4 spell: Martyr's Knell
 25842 | Lair:5   | Reached skill level 1 in Spellcasting
 25856 | Lair:5   | Reached skill level 1 in Summonings
 25856 | Lair:5   | Reached skill level 1 in Necromancy
 25856 | Lair:5   | Reached skill level 1 in Air Magic
 25907 | Lair:5   | Found a burning altar of Makhleb.
 25946 | Lair:5   | Demolished by a hell beast
 25946 | Lair:5   | Lost a life (0 lives remaining)
 26201 | Lair:5   | Mangled by a hell beast

Illustrated notes

Levels and vault maps discovered:
D:1:      dpeg_arrival_pits, layout_loops_ring, basic_ecumenical_altar,
          kennysheep_crisscross
D:2:      layout_rooms
D:3:      layout_basic, hangedman_decor_growths, uniq_sigmund
D:4:      layout_basic, mainiacjoe_sewer_entry_somewhere_in_here_2,
          uniq_crazy_yiuf_cottage
D:5:      layout_basic, mainiacjoe_overflow_cross_hatched, grunt_decor_junction
D:6:      layout_loops_cross, cheibriados_altar_1, nzn_wu_jian_contemplation,
          mainiacjoe_overflow_catch_the_wave, nicolae_shop_i_like_big_books,
          minmay_crystal_room
D:7:      layout_loops_ring, minmay_temple_entry_tees
D:8:      layout_gridville
D:9:      layout_loops_ring, erik_lair_orcish_takeover,
          kennysheep_generic_room_10, uniq_erolcha
D:10:     layout_loops_cross, uniq_harold
D:11:     layout_layer_cave, serial_shops, shop
D:12:     kennysheep_seaside_town, layout_basic, david_orc_2,
          nicolae_trove_entry_crossroad, gauntlet_entry_generic,
          minmay_fire_ice_demons
Temple:   minmay_crystal_spiral_temple
Lair:1:   layout_long_grid, serial_bayou_shore_a, lemuel_fruit_tree,
          infiniplex_staircase_pool, lemuel_fruit_fields, uniq_urug
Lair:2:   layout_cave_pods, mainiacjoe_swamp_entry_lozenge_pond,
          enter_volcano_2, serial_bayou_lagoon_a, chequers_serial_rivers_marsh,
          lemuel_fruit_fields
Lair:3:   layout_gridlike, spider_nest_entry_webs, ebering_ghost_disaster_area,
          serial_bayou_pond_e
Lair:4:   nzn_winding_woodlands_medium [nzn_winding_woodlands_5x5_three,
          nzn_winding_woodlands_5x15_zeroes, nzn_winding_woodlands_hourglass,
          nzn_winding_woodlands_5x5_cross, nzn_winding_woodlands_center_lodge,
          nzn_winding_woodlands_5x5_default,
          nzn_winding_woodlands_5x5_checkerboard,
          nzn_winding_woodlands_5x15_eye, nzn_winding_woodlands_5x5_perimeter],
          layout_gridlike, nicolae_slime_entry_field_trip
Lair:5:   evil_forest, layout_small_grid, gammafunk_ghost_necromancy,
          chequers_serial_rivers_room_b, grunt_megastairs_4

Skill      XL: |  1  2  3  4  5  6  7  8  9 10 11 12 13 14 |
---------------+-------------------------------------------+-----
Shapeshifting  | 3 5 7 8 9 10 11 12 | 12.0
Fighting       | 2 3 4 7 8 10 11 12 | 12.0
Dodging        | 3 6 9 11 12 15 17 18 | 18.0
Unarmed Combat | 5 7 10 11 12 | 12.0
Evocations     | 5 7 |  7.0
Spellcasting   | 2 |  2.0
Summonings     | 2 |  2.3
Necromancy     | 2 |  2.0
Air Magic      | 2 |  2.0

Action                     |  1- 3 |  4- 6 |  7- 9 | 10-12 | 13-15 || total
---------------------------+-------+-------+-------+-------+-------++-------
  Melee: Unarmed           |    63 |   101 |   366 |   700 |   671 ||  1901
         Bite              |     5 |    11 |    49 |   109 |   104 ||   278
         Punch             |     1 |     2 |       |    20 |    55 ||    78
 Invoke: Potion Petition   |       |       |       |     1 |     2 ||     3
  Evoke: Wand              |       |       |     2 |    12 |    27 ||    41
         Lightning rod     |       |       |       |     2 |     7 ||     9
    Use: Scroll            |     3 |     1 |     1 |    12 |    11 ||    28
         Potion            |       |     2 |     3 |    16 |     6 ||    27
   Stab: Sleeping          |     9 |       |       |       |       ||     9
         Paralysed         |       |       |     6 |     4 |     7 ||    17
         Distracted        |       |       |       |     3 |     5 ||     8
 Armour: Skin              |    10 |    33 |   105 |   270 |   194 ||   612
  Dodge: Dodged            |    40 |    62 |   307 |   834 |   708 ||  1951
   Form: Flux              |       |       |     1 |       |       ||     1
         Blade             |       |       |       |     1 |       ||     1

Table legend: (Time is in decaauts)
 A = Elapsed time spent in this place.
 B = Non-inter-level travel time spent in this place.
 C = Inter-level travel time spent in this place.
 D = Time resting spent in this place.
 E = Time spent auto-exploring this place.
 F = Levels seen in this place.
 G = Mean time per level.
                   A        B        C        D        E       F      G
               +--------+--------+--------+--------+--------+-----+--------+
         Total |  26018 |  23533 |   2485 |   7348 |   8762 |  19 | 1369.4 |
       Dungeon |  15249 |  13551 |   1698 |   3251 |   6528 |  12 | 1270.8 |
        Temple |    102 |      6 |     96 |      0 |      0 |   1 |  102.0 |
          Lair |  10328 |   9638 |    690 |   3954 |   2233 |   5 | 2065.6 |
         Sewer |    338 |    338 |      0 |    143 |      0 |   1 |  338.0 |
               +--------+--------+--------+--------+--------+-----+--------+

Top non-repeatable levels by time:
  Lair:2: 2510 daAuts
  Lair:4: 2267 daAuts
  Lair:3: 2224 daAuts
  Lair:1: 2041 daAuts
    D:11: 1779 daAuts
     D:9: 1685 daAuts
     D:8: 1637 daAuts
    D:12: 1617 daAuts
    D:10: 1483 daAuts
     D:5: 1375 daAuts
     D:4: 1370 daAuts
     D:3: 1337 daAuts
  Lair:5: 1285 daAuts
     D:6: 899 daAuts
     D:7: 833 daAuts
